AoeStats
← RICARDONE ES SABALERO

Oasis

508777600Analyzed
4v4 RM · 8d ago on Sep 24, 2026· 35m 39s· 8 players
Game mode
Random Map
Map size
Large (8 player)
Population
200
Speed
Normal
Resources
Standard
Victory
Conquest
Starting age
Dark Age
Ending age
Imperial Age
RankedLock teamsTeams togetherTeam positionsShared explorationLock speedFull tech treeHidden civsTurbo modeCheats
Victory
Defeat
🇲🇽 Britons · Mexico
1227
+12
🇦🇷 Varangians · Argentina
1108
+17
🇨🇱 Mapuche · Chile
1096
+17
🇦🇷 Jurchens · Argentina
1091
+17
🇨🇴 Saracens · Colombia
1213
-19
🇨🇴 Mongols · Colombia
1174
-18
🇨🇴 Italians · Colombia
1088
-14
🇨🇴 Franks · Colombia
1030
-12
RICARDONE ES SABALERO
8:19 Loom
11:11 Feudal Age
11:58 Double-Bit Axe
15:03 Castle Age
14:58 Horse Collar
16:07 Bow Saw
23:07 Bloodlines
23:07 Scale Barding Armor
25:43 Chain Barding Armor
25:33 Heavy Plow
27:25 Forging
29:00 Town Watch
29:51 Wheelbarrow
29:24 Fletching
29:53 Husbandry
31:26 Iron Casting
30:47 Bodkin Arrow
32:37 Gold Mining
36:18 Imperial Age
34:38 Masonry
34:48 Ballistics
VZ | YURIEL
5:34 Loom
8:23 Feudal Age
9:40 Double-Bit Axe
14:53 Fletching
22:13 Castle Age
22:24 Horse Collar
22:32 Crossbowman
23:20 Bodkin Arrow
25:37 Bow Saw
30:04 Ballistics
32:22 Imperial Age
32:45 Padded Archer Armor
33:04 Bracer
34:06 Chemistry
33:15 Padded Archer Armor
33:28 Arbalester
35:58 Leather Archer Armor
nahuelAOE2
6:06 Loom
8:58 Feudal Age
15:53 Forging
18:35 Scale Barding Armor
19:34 Horse Collar
20:28 Double-Bit Axe
25:09 Castle Age
24:11 Bloodlines
26:54 Gold Mining
30:13 Chain Barding Armor
32:03 Iron Casting
KEVINLUCIANO631
7:26 Loom
10:27 Feudal Age
14:25 Fletching
16:28 Padded Archer Armor
18:52 Horse Collar
26:27 Castle Age
28:41 Crossbowman
31:20 Town Watch
zFox1982
8:38 Loom
10:54 Feudal Age
11:52 Double-Bit Axe
chomisplate
9:09 Feudal Age
17:32 Forging
18:03 Horse Collar
19:54 Loom
22:04 Bloodlines
24:59 Fletching
31:28 Castle Age
30:26 Double-Bit Axe
31:04 Padded Archer Armor
cubdie
7:52 Loom
11:14 Feudal Age
11:56 Double-Bit Axe
20:05 Fletching
22:22 Castle Age
22:26 Crossbowman
23:06 Bodkin Arrow
24:46 Padded Archer Armor
33:29 Imperial Age
33:57 Arbalester
williamvasquez83
10:45 Feudal Age
15:50 Castle Age
15:23 Forging
19:17 Scale Barding Armor
21:32 Wheelbarrow
21:09 Husbandry
29:05 Chain Barding Armor
Connection lost

Rejoining the realm…

Still unreachable

The connection could not be restored.

Session expired

The server has moved on; the page needs a fresh start.